 Dungeon Crawl Stone Soup version 0.30-a0-800-g7c544603b3 (webtiles) character file.

Game seed: 10198384839121854453

60 ders the Digger (level 4, -7/23 (27) HPs)
             Began as an Octopode Earth Elementalist on Feb 21, 2023.
             Mangled by an orc
             ... wielding a +0 flail
              (10 damage)
             ... on level 3 of the Dungeon.
             The game lasted 00:03:11 (1354 turns).

ders the Digger (Octopode Earth Elementalist)       Turns: 1354, Time: 00:03:11

HP:   -7/23 (27)    AC:  1    Str:  7    XL:     4   Next: 6%
MP:   6/7           EV: 13    Int: 19    God:
Gold: 64            SH:  0    Dex: 12    Spells: 4/8 levels left

rFire   . . .      SeeInvis .    e - +0 sling
rCold   . . .      Faith    .    (no shield)
rNeg    . . .      Spirit   .    (helmet restricted)
rPois   .          Reflect  .    (no amulet)
rElec   .          Harm     .    (no ring)
rCorr   .          Rampage  .    (no ring)
Will    .....                    (no ring)
Stlth   +++                      (no ring)
HPRegen 0.23/turn                (no ring)
MPRegen 0.10/turn                (no ring)
                                 (no ring)
                                 (no ring)

@: heavily drained
A: almost no armour, amphibious, 8 rings, camouflage 1, gelatinous body 1,
(nimble swimmer 1), tentacles
a: no special abilities


You were on level 3 of the Dungeon.
You visited 1 branch of the dungeon, and saw 3 of its levels.

You collected 64 gold pieces.

Inventory:

Hand Weapons
 c - a +0 rapier
 e - a +0 sling (weapon)
Jewellery
 h - a ring of poison resistance
Scrolls
 b - a scroll of immolation {unknown}
 d - a scroll of enchant weapon {unknown}
 g - a scroll of butterflies {unknown}
Potions
 a - 2 potions of magic
 f - a potion of resistance {unknown}


   Skills:
 - Level 2.0 Dodging
 - Level 2.6 Stealth
 + Level 2.5 Spellcasting
 * Level 2.0 Conjurations
 + Level 1.8 Transmutations
 + Level 3.4 Earth Magic


You had 4 spell levels left.
You knew the following spells:

 Your Spells              Type           Power      Damage    Failure   Level
a - Sandblast             Erth           30%        2d9       4%          1
b - Stone Arrow           Conj/Erth      24%        3d8       16%         3

Your spell library contained the following spells:

 Spells                   Type           Power      Damage    Failure   Level
 Passwall                 Tmut/Erth      10%        N/A       9%          2
 Tukima's Dance           Hex            2%         N/A       43%         3
 Petrify                  Tmut/Erth      12%        N/A       50%         4
 Passage of Golubria      Tloc           2%         N/A       85%         4
 Yara's Violent Unravell  Hex/Tmut       2%         3d3       97%         5


Dungeon Overview and Level Annotations

Branches:
Dungeon (3/15)

Altars:
Trog

Shops:
D:1 *


Innate Abilities, Weirdness & Mutations

You cannot wear most types of armour.
You are amphibious.
You can wear up to eight rings at the same time.
Your skin changes colour to match your surroundings (Stealth+).
Your rubbery body absorbs attacks. (AC +1, EV +1)
((You are camouflaged when in or above water. (Stealth+)))
You have tentacles for arms and can constrict up to eight enemies at once.


Message History

Casting: Sandblast (safe; 4% risk of failure)
Confirm with . or Enter, or press ? or * to list all spells.
Aiming: Sandblast (safe; 4% risk of failure)
Press: ? - help, Shift-Dir - straight line, f/p - goblin
Aim: a goblin, wielding a +1 dagger of draining (77% to hit)
The blast of sand hits the goblin!
You kill the goblin!
Unknown command.
Casting: Sandblast (safe; 4% risk of failure)
Confirm with . or Enter, or press ? or * to list all spells.
You can't see any susceptible monsters within range! (Use Z to cast anyway.) Magic restored.
You see here a +1 dagger of draining.
You now have 64 gold pieces (gained 14).
Found a hand axe. 3 orcs come into view.
An orc is wielding a +2 falchion of draining.
You shoot a sling bullet. The sling bullet hits the orc.
The orc is lightly wounded.
The orc shouts!
You shoot a sling bullet.
The sling bullet barely misses the orc. x2
The orc hits you with a +2 falchion of draining!
You feel drained.
You shoot a sling bullet.
The sling bullet closely misses the orc.
The orc hits you with a +2 falchion of draining.
You feel drained.
Casting: Sandblast (safe; 4% risk of failure)
Confirm with . or Enter, or press ? or * to list all spells.
Aiming: Sandblast (safe; 4% risk of failure)
Press: ? - help, Shift-Dir - straight line, f/p - orc
Aim: an orc, wielding a +2 falchion of draining and wearing a +0 leather armour (lightly wounded, 82% to hit)
The blast of sand hits the orc but does no damage.
The orc is lightly wounded.
The orc hits you with a +2 falchion of draining.
* * * LOW HITPOINT WARNING * * *
You feel drained.
* * * LOW HITPOINT WARNING * * *
The orc barely misses you. The orc hits you with a +0 flail!
You die...

##... 8... ...8
#... ....# #...
#...# ##.). #...##
#8..o 8...8#
..##..o#####)..####
......o@..........#
..................#
####+####.........#
##...##....#
#8...8# ...#
##...## ..# #...#
.# ##...## #
#8...8#


You could see 3 orcs.

Vanquished Creatures
  2 adders (D:2)
  A worm (D:2)
  A dart slug (D:1)
  5 endoplasms
  A giant cockroach (D:1)
  3 goblins
  6 hobgoblins
  2 quokkas
  4 ball pythons
  2 bats (D:1)
  3 frilled lizards
  5 kobolds
  A rat (D:2)
36 creatures vanquished.

Notes
Turn   | Place    | Note
-------+----------+-------------------------------------------
     0 | D:1      | ders the Octopode Earth Elementalist began the quest for
                  | the Orb.
     0 | D:1      | Reached XP level 1. HP: 11/11 MP: 3/3
   357 | D:1      | Reached XP level 2. HP: 17/17 MP: 1/5
   366 | D:1      | Reached skill level 1 in Conjurations
   659 | D:1      | Found Xiud's Assorted Antiques.
   752 | D:1      | You fall into a shaft and drop 1 floor!
   752 | D:2      | Found a bloodstained altar of Trog.
   812 | D:2      | Reached XP level 3. HP: 21/21 MP: 4/6
   821 | D:2      | Learned a level 3 spell: Stone Arrow
   960 | D:2      | Identified the +1 short sword "Duilyb" {freeze, rPois rF+
                  | Str-4 SInv}
  1168 | D:2      | Reached XP level 4. HP: 27/27 MP: 5/7
  1354 | D:3      | Mangled by an orc

Illustrated notes

Levels and vault maps discovered:
D:1:      minmay_arrival_widening_spiral_narrow, layout_loops_cross,
          serial_shops, nicolae_shop_hallway_plus
D:2:      layout_rooms, basic_altar, item_on_display_b
D:3:      layout_basic, basic_ecumenical_altar, serial_shops,
          nicolae_shop_temple_entry_statues_fountains, serial_corexii_hall,
          corexii_hall_statues_u, corexii_hall_statues_x, minmay_rat_hole,
          uniq_jessica

Skill      XL: |  1  2  3 |
---------------+----------+-----
Conjurations   | 1 2 |  2.0
Dodging        | |  2.0
Stealth        | |  2.6
Spellcasting   | |  2.5
Transmutations | |  1.8
Earth Magic    | |  3.4

Action                     |  1- 3 |  4- 6 || total
---------------------------+-------+-------++-------
  Melee: Rapier            |     6 |       ||     6
         Constrict         |     2 |       ||     2
   Fire: Sling             |    58 |     7 ||    65
   Cast: Sandblast         |    30 |     2 ||    32
         Stone Arrow       |     1 |       ||     1
 Armour: Skin              |     2 |       ||     2
  Dodge: Dodged            |    19 |     1 ||    20

Table legend: (Time is in decaauts)
 A = Elapsed time spent in this place.
 B = Non-inter-level travel time spent in this place.
 C = Inter-level travel time spent in this place.
 D = Time resting spent in this place.
 E = Time spent auto-exploring this place.
 F = Levels seen in this place.
 G = Mean time per level.
                   A        B        C        D        E       F      G
               +--------+--------+--------+--------+--------+-----+--------+
         Total |   1395 |   1286 |    109 |     22 |   1028 |   3 |  465.0 |
       Dungeon |   1395 |   1286 |    109 |     22 |   1028 |   3 |  465.0 |
               +--------+--------+--------+--------+--------+-----+--------+

Top non-repeatable levels by time:
     D:1: 767 daAuts
     D:2: 568 daAuts
     D:3: 59 daAuts
